 Dungeon Crawl Stone Soup version 0.17-a0-1450-g7e755d1 (webtiles) character file.

1309 HEYYEYAAE the Cudgeler (level 8, -1/80 HPs)
             Began as a Troll Fighter on June 30, 2015.
             Slain by a water moccasin zombie (8 damage)
             ... in an ossuary.
             The game lasted 00:06:18 (4212 turns).

HEYYEYAAE the Cudgeler (Troll Fighter)              Turns: 4212, Time: 00:06:19

Health: -1/80      AC:  6    Str: 27      XL:     8   Next: 32%
Magic:  16/16      EV:  1    Int:  4      God:
Gold:   223        SH:  0    Dex:  2 (14) Spells: 0 memorised, 7 levels left

rFire  + . .     SeeInvis .     z - +0 giant spiked club
rCold  + . .     Clarity  .     b - +0 robe
rNeg   . . .     SustAt   .     (no shield)
rPois  +         Gourm    +     (helmet restricted)
rElec  +         Spirit   .     h - +0 cloak
rCorr  +         Warding  .     (gloves unavailable)
rMut   .         Stasis   .     (boots unavailable)
MR     .....                    (no amulet)
Stlth  ..........               (no ring)
                                y - ring of magical power

@: agile, resistant, very slightly contaminated, hasted and slowed, lost
dexterity, not resistant to hostile enchantments, extremely unstealthy
A: unfitting armour, claws 3, fast metabolism 3, gourmand, regeneration 2,
shaggy fur 1, tough skin 2
a: no special abilities


You were in an ossuary.
You were very hungry.

You visited 1 branch of the dungeon, and saw 5 of its levels.
You also visited: Ossuary.

You collected 223 gold pieces.

Inventory:

Hand weapons
 a - a +0 flail
 i - a +1 mace of venom
 t - a +0 war axe of distortion
 z - a +0 giant spiked club (weapon)
Armour
 b - a +0 robe (worn)
 c - a +0 shield
 h - a +0 cloak (worn)
Jewellery
 y - a ring of magical power (left claw)
Magical devices
 u - a wand of fire (7)
Scrolls
 f - a scroll of enchant weapon {unknown}
 j - 6 scrolls of identify {unknown}
 m - 2 scrolls of remove curse {unknown}
 n - 2 scrolls of immolation {unknown}
 p - 2 scrolls of random uselessness {unknown}
 r - 2 scrolls of teleportation {unknown}
 s - a scroll of recharging {unknown}
 C - a scroll of fog {unknown}
Potions
 d - a potion of might
 g - 7 potions of curing
 q - a potion of cure mutation {unknown}
 v - a potion of berserk rage {unknown}
 w - a potion of mutation {unknown}
 x - a potion of degeneration {unknown}
 D - a potion of flight {unknown}
Comestibles
 e - 2 bread rations
 A - 3 meat rations
 E - a slice of pizza


   Skills:
 * Level 5.3 Fighting
 * Level 5.9 Maces & Flails
 + Level 3.0 Armour
 + Level 4.0 Dodging
 - Level 2.6 Shields


You had 7 spell levels left.
You didn't know any spells.

Dungeon Overview and Level Annotations

Branches:
Dungeon (5/15)
 Temple: D:4-7

Altars:
The Shining One


Innate Abilities, Weirdness & Mutations

You are too large for most types of armour.
You have claws for hands.
Your metabolism is lightning-fast.
You like to eat raw meat.
You heal very quickly.
You are covered in fur (AC +1).
You have very tough skin (AC +2).


Message History

You feel protected.
The water moccasin zombie bites you but does no damage.
The water moccasin zombie bites you.
* * * LOW HITPOINT WARNING * * *
Unknown command.
Drink which item? (? for menu, Esc to quit)
It was a potion of haste.
You feel yourself speed up. The water moccasin zombie bites you!
* * * LOW HITPOINT WARNING * * *
You are very lightly contaminated with residual magic.
Unknown command.
Drink which item? (? for menu, Esc to quit)
It was a potion of agility.
You feel agile all of a sudden.
You feel sick.
You are no longer poisoned.
The water moccasin zombie bites you.
* * * LOW HITPOINT WARNING * * *
The water moccasin zombie bites you!
You die...

##################
#∩..#...'....#...#
#...#^^^#....#^..#
#...'^..#....'^^^'
#'################
#..^# # #^^.# #
#^..# # #@..# #
#Z### # #ZZ.# #
#ZZ.# # #...# #
#...# # ##+## # #
### #####


You could see an adder zombie, a water moccasin zombie, a gnoll zombie, a kobold
zombie and an orc zombie.

Vanquished Creatures
  An ice beast (D:5)
  2 ogres (D:4)
  A centaur (D:4)
  A water moccasin zombie (Ossuary)
  3 scorpions (D:4)
  3 hounds
  A giant frog zombie (D:4)
  A centaur skeleton (D:5)
  A gnoll shaman (D:4)
  An iguana (D:4)
  4 worker ants
  3 orc wizards
  Terence (D:3)
  A quasit (D:5)
  A big kobold zombie (Ossuary)
  5 adders
  4 gnolls (D:4)
  8 oozes
  6 adder zombies (Ossuary)
  6 worms
  An adder skeleton (D:4)
  A giant gecko (D:1)
  13 orcs
  A ball python (D:2)
  10 giant cockroaches
  10 hobgoblins
  17 jackals
  A quokka (D:2)
  A ball python skeleton (D:4)
  13 bats
  A giant newt (D:1)
  18 goblins
  6 hobgoblin zombies (Ossuary)
  A jackal skeleton (D:4)
  14 kobolds
  4 kobold zombies (Ossuary)
  5 orc zombies (Ossuary)
  A quokka skeleton (D:4)
  14 rats
186 creatures vanquished.

Notes
Turn   | Place    | Note
--------------------------------------------------------------
     0 | D:1      | HEYYEYAAE the Troll Fighter began the quest for the Orb.
     0 | D:1      | Reached XP level 1. HP: 22/22 MP: 0/0
     1 | D:1      | Found a runed door.
    96 | D:1      | Reached XP level 2. HP: 27/29 MP: 1/1
   114 | D:1      | Reached XP level 3. HP: 26/36 MP: 2/2
  1015 | D:2      | Reached skill level 3 in Fighting
  1023 | D:2      | Reached skill level 1 in Armour
  1023 | D:2      | Reached XP level 4. HP: 35/45 MP: 3/3
  2248 | D:3      | Reached XP level 5. HP: 53/53 MP: 4/4
  2256 | D:3      | Noticed Terence
  2267 | D:3      | Killed Terence
  2795 | D:4      | Reached XP level 6. HP: 14/61 MP: 5/5
  2845 | D:4      | Reached skill level 4 in Maces & Flails
  3086 | D:4      | Reached XP level 7. HP: 29/70 MP: 6/6
  3391 | D:4      | Noticed an ogre
  3395 | D:4      | Killed an ogre
  3448 | D:4      | Reached skill level 5 in Maces & Flails
  3465 | D:4      | Found a glowing golden altar of the Shining One.
  3707 | D:5      | Entered Level 5 of the Dungeon
  3811 | D:5      | Reached XP level 8. HP: 68/79 MP: 7/7
  3816 | D:5      | Reached skill level 5 in Fighting
  3894 | D:5      | Lost dexterity.
  4060 | D:5      | Found a sand-covered staircase.
  4071 | Ossuary  | Entered an ossuary
  4212 | Ossuary  | Slain by a water moccasin zombie

Vault maps used:
D:1:      dpeg_arrival_caged_fury, serial_bayou_ford_a, st_stairs_14
D:2:      first_bread, kennysheep_generic_room_8
D:3:      uniq_terence
D:4:      corexii_shack_village, lemuel_round_altar
D:5:      nicolae_ossuary_entry_ruins, minmay_misc_feat_diagonals,
          uniq_prince_ribbit1
Ossuary:  ossuary_tomb_2

Action                   |  1- 3 |  4- 6 |  7- 9 || total
-------------------------+-------+-------+-------++-------
Melee: Flail             |    81 |       |       ||    81
       Mace              |    52 |   200 |    13 ||   265
       Giant spiked club |       |       |   200 ||   200
  Use: Potion            |       |     2 |     3 ||     5
 Stab: Sleeping          |       |     1 |     1 ||     2
  Eat: Chunk             |     3 |    25 |     5 ||    33
       Bread ration      |     1 |       |       ||     1
       Beef jerky        |       |       |     1 ||     1
